| TOP OF THE 1ST |
|
West Michigan Whitecaps batting - Pitching for Greenville Drive : RHP John LaMotte
|
|
Pitching: RHP John LaMotte
|
|
|
Batting: LHB Timotheus Young
|
0-0: Bunted foul 0-1: Foul Ball, location: 2F 0-2: Ball 1-2: Foul Ball, location: 2F 1-2: Ball 2-2: Ground out 1-3 (Groundball, 25, EV 74.4 MPH)
|
|
Batting: SHB Ian Arlotta
|
0-0: Ball 1-0: Swinging Strike 1-1: Foul Ball, location: 2F 1-2: Ground out 4-3 (Groundball, 4, EV 103.1 MPH)
|
|
Batting: RHB Ernst Meloche
|
0-0: Called Strike 0-1: Ball 1-1: Called Strike 1-2: Fly out, F8 (Flyball, 8LM, EV 83.8 MPH)
|
| Top of the 1st over - 0 runs, 0 hits, 0 errors, 0 left on base; West Michigan 0 - Greenville 0 |
| BOTTOM OF THE 1ST |
|
Greenville Drive batting - Pitching for West Michigan Whitecaps : RHP Adam Oyler
|
|
Pitching: RHP Adam Oyler
|
|
|
Batting: RHB Aukukero Tairi
|
0-0: Swinging Strike 0-1: Ground out 1-3 (Groundball, P, EV 71.9 MPH)
|
|
Batting: SHB Salvador Padilla
|
0-0: Called Strike 0-1: Swinging Strike 0-2: Strikes out swinging
|
|
Batting: RHB Alex Cardenas
|
0-0: Ball 1-0: Ball 2-0: Ball 3-0: Called Strike 3-1: SINGLE (Line Drive, 89S, EV 105.6 MPH)
|
|
Batting: LHB Danny Montoya
|
0-0: SINGLE (Line Drive, 89S, EV 93.1 MPH) Alex Cardenas to second Runner from 2nd tries for 3rd, SAFE, throw by RF made to third
|
|
Batting: LHB Carlos Guerra
|
0-0: Swinging Strike 0-1: Called Strike 0-2: Ball 1-2: Ball 2-2: Fly out, F9 (Flyball, 89S, EV 92.5 MPH)
|
| Bottom of the 1st over - 0 runs, 2 hits, 0 errors, 2 left on base; West Michigan 0 - Greenville 0 |
| TOP OF THE 2ND |
|
West Michigan Whitecaps batting - Pitching for Greenville Drive : RHP John LaMotte
|
|
Batting: LHB George Moran
|
0-0: Foul Ball, location: 2F 0-1: Ground out 4-3 (Groundball, 4, EV 80.0 MPH)
|
|
Batting: RHB Eric Angelle
|
0-0: Swinging Strike 0-1: Ball 1-1: Foul Ball, location: 2F 1-2: Ball 2-2: Foul Ball, location: 2F 2-2: Ball 3-2: Strikes out swinging
|
|
Batting: RHB Aaron Cusick
|
0-0: Ground out 1-3 (Groundball, 13, EV 68.8 MPH)
|
| Top of the 2nd over - 0 runs, 0 hits, 0 errors, 0 left on base; West Michigan 0 - Greenville 0 |
| BOTTOM OF THE 2ND |
|
Greenville Drive batting - Pitching for West Michigan Whitecaps : RHP Adam Oyler
|
|
Batting: RHB Mario Arriero
|
0-0: Swinging Strike 0-1: Ball 1-1: Ball 2-1: SINGLE (Flyball, 4D, EV 95.6 MPH)
|
|
Batting: RHB Bobby Schimke
|
0-0: Called Strike 0-1: Ball 1-1: Ball 2-1: Swinging Strike 2-2: Strikes out swinging
|
|
Batting: RHB Josh Smith
|
0-0: Called Strike 0-1: Grounds into double play, 4-6-3 (Groundball, 34, EV 103.1 MPH)
|
| Bottom of the 2nd over - 0 runs, 1 hit, 0 errors, 0 left on base; West Michigan 0 - Greenville 0 |
| TOP OF THE 3RD |
|
West Michigan Whitecaps batting - Pitching for Greenville Drive : RHP John LaMotte
|
|
Batting: RHB Kevin Steed
|
0-0: Called Strike 0-1: Ball 1-1: Swinging Strike 1-2: Foul Ball, location: 2F 1-2: TRIPLE (Flyball, 89XD, EV 108.1 MPH)
|
|
Batting: RHB Jeremiah Washington
|
0-0: Foul Ball, location: 2F 0-1: Swinging Strike 0-2: Ball 1-2: SINGLE (Line Drive, 8LS, EV 98.1 MPH) Kevin Steed scores
|
|
Batting: RHB Jordan Hall
|
0-0: Called Strike 0-1: Foul Ball, location: 2F 0-2: SINGLE (Groundball, 4MD, EV 93.8 MPH) Jeremiah Washington to second Runner from 2nd tries for 3rd, SAFE, throw by CF made to third
|
|
Batting: LHB Timotheus Young
|
0-0: Ball 1-0: Ball 2-0: SINGLE (Groundball, 3S, EV 67.5 MPH) (infield hit) Jeremiah Washington scores Jordan Hall to second
|
|
Batting: SHB Ian Arlotta
|
0-0: Ball Wild Pitch! Jordan Hall to third Timotheus Young to second 1-0: Ground out U3 (Groundball, 34S, EV 84.4 MPH) Jordan Hall scores Timotheus Young to third
|
|
Batting: RHB Ernst Meloche
|
0-0: Ball 1-0: Swinging Strike 1-1: Called Strike 1-2: Strikes out swinging
|
|
Batting: LHB George Moran
|
0-0: Ball 1-0: SINGLE (Groundball, 34D, EV 95.0 MPH) Timotheus Young scores
|
|
Batting: RHB Eric Angelle
|
0-0: Ball George Moran steals 2nd base 1-0: Ball 2-0: Foul Ball, location: 2F 2-1: Foul Ball, location: 2F 2-2: Fly out, F8 (Flyball, 89D, EV 87.5 MPH)
|
| Top of the 3rd over - 4 runs, 5 hits, 0 errors, 1 left on base; West Michigan 4 - Greenville 0 |
| BOTTOM OF THE 3RD |
|
Greenville Drive batting - Pitching for West Michigan Whitecaps : RHP Adam Oyler
|
|
Batting: RHB Rogelio Cervantes
|
0-0: Ball 1-0: Ball 2-0: Called Strike 2-1: Called Strike 2-2: Ball 3-2: Foul Ball, location: 2F 3-2: Strikes out swinging
|
|
Batting: RHB Aukukero Tairi
|
0-0: Called Strike 0-1: Swinging Strike 0-2: Foul Ball, location: 2F 0-2: Strikes out swinging
|
|
Batting: SHB Salvador Padilla
|
0-0: Ball 1-0: Ball 2-0: DOUBLE (Flyball, 89D, EV 98.1 MPH)
|
|
Batting: RHB Alex Cardenas
|
0-0: Swinging Strike 0-1: Ball 1-1: Ball 2-1: Ball 3-1: Foul Ball, location: 2F 3-2: Ground out 4-3 (Groundball, 4, EV 86.2 MPH)
|
| Bottom of the 3rd over - 0 runs, 1 hit, 0 errors, 1 left on base; West Michigan 4 - Greenville 0 |
| TOP OF THE 4TH |
|
West Michigan Whitecaps batting - Pitching for Greenville Drive : RHP John LaMotte
|
|
Batting: RHB Aaron Cusick
|
0-0: Fly out, F8 (Flyball, 8LS, EV 87.5 MPH)
|
|
Batting: RHB Kevin Steed
|
0-0: Ball 1-0: Ball 2-0: Called Strike 2-1: Swinging Strike 2-2: Ball 3-2: Base on Balls
|
|
Batting: RHB Jeremiah Washington
|
0-0: Ball Kevin Steed steals 2nd base 1-0: Ball 2-0: Ball 3-0: Called Strike 3-1: Foul Ball, location: 2F 3-2: Foul Ball, location: 2F 3-2: Strikes out swinging
|
|
Batting: RHB Jordan Hall
|
0-0: Ball 1-0: Hit by Pitch
|
|
Batting: LHB Timotheus Young
|
0-0: Ball 1-0: Called Strike 1-1: Ball 2-1: Called Strike 2-2: Foul Ball, location: 2F 2-2: Strikes out swinging
|
| Top of the 4th over - 0 runs, 0 hits, 0 errors, 2 left on base; West Michigan 4 - Greenville 0 |
| BOTTOM OF THE 4TH |
|
Greenville Drive batting - Pitching for West Michigan Whitecaps : RHP Adam Oyler
|
|
Batting: LHB Danny Montoya
|
0-0: Ball 1-0: Ball 2-0: Swinging Strike 2-1: Ball 3-1: Ground out U3 (Groundball, 3L, EV 78.8 MPH)
|
|
Batting: LHB Carlos Guerra
|
0-0: Swinging Strike 0-1: Ball 1-1: Ball 2-1: Ball 3-1: Called Strike 3-2: Base on Balls
|
|
Batting: RHB Mario Arriero
|
0-0: Called Strike 0-1: Swinging Strike 0-2: Ball 1-2: Strikes out swinging
|
|
Batting: RHB Bobby Schimke
|
0-0: Called Strike 0-1: Foul Ball, location: 2F 0-2: Foul Ball, location: 2F 0-2: Ball 1-2: Fielders Choice at 2nd, 6-4 (Groundball, 6, EV 84.4 MPH)
|
| Bottom of the 4th over - 0 runs, 0 hits, 0 errors, 1 left on base; West Michigan 4 - Greenville 0 |
| TOP OF THE 5TH |
|
West Michigan Whitecaps batting - Pitching for Greenville Drive : RHP John LaMotte
|
|
Batting: SHB Ian Arlotta
|
0-0: Called Strike 0-1: Ball 1-1: Ball 2-1: Foul Ball, location: 2F 2-2: Foul Ball, location: 2F 2-2: Foul Ball, location: 2F 2-2: Foul Ball, location: 2F 2-2: Ball 3-2: Foul Ball, location: 2F 3-2: Strikes out swinging
|
|
Batting: RHB Ernst Meloche
|
0-0: Ball 1-0: Swinging Strike 1-1: Foul Ball, location: 2F 1-2: Foul Ball, location: 2F 1-2: Ball 2-2: Ground out 5-3 (Groundball, 5S, EV 92.5 MPH)
|
|
Batting: LHB George Moran
|
0-0: Ground out 4-3 (Groundball, 34D, EV 86.2 MPH)
|
| Top of the 5th over - 0 runs, 0 hits, 0 errors, 0 left on base; West Michigan 4 - Greenville 0 |
| BOTTOM OF THE 5TH |
|
Greenville Drive batting - Pitching for West Michigan Whitecaps : RHP Adam Oyler
|
|
Batting: RHB Josh Smith
|
0-0: Called Strike 0-1: Fly out, F8 (Flyball, 8LD, EV 100.0 MPH)
|
|
Batting: RHB Rogelio Cervantes
|
0-0: Ball 1-0: Ground out 1-3 (Groundball, 15S, EV 71.9 MPH)
|
|
Batting: RHB Aukukero Tairi
|
0-0: Called Strike 0-1: Ground out 5-3 (Groundball, 56, EV 105.6 MPH)
|
| Bottom of the 5th over - 0 runs, 0 hits, 0 errors, 0 left on base; West Michigan 4 - Greenville 0 |
| TOP OF THE 6TH |
|
West Michigan Whitecaps batting - Pitching for Greenville Drive : RHP John LaMotte
|
|
Batting: RHB Eric Angelle
|
0-0: Ball 1-0: DOUBLE (Line Drive, 89D, EV 110.0 MPH)
|
|
Batting: RHB Aaron Cusick
|
0-0: Foul Ball, location: 2F 0-1: SINGLE (Groundball, 56S, EV 70.0 MPH) (infield hit) Eric Angelle to third
|
|
Batting: RHB Kevin Steed
|
0-0: Ball 1-0: Ball 2-0: Ball 3-0: Base on Balls Aaron Cusick to second
|
|
Batting: RHB Jeremiah Washington
|
0-0: Ball 1-0: Foul Ball, location: 2F 1-1: Grounds into double play, 6-4-3 (Groundball, 6, EV 81.9 MPH) Eric Angelle scores Aaron Cusick to third
|
|
Pitching: LHP Roald van Erkel
|
|
|
Batting: RHB Jordan Hall
|
0-0: Ball 1-0: Called Strike 1-1: DOUBLE (Groundball, 3L, EV 101.9 MPH) Aaron Cusick scores
|
|
Batting: LHB Timotheus Young
|
0-0: Ball 1-0: Swinging Strike 1-1: Swinging Strike 1-2: Ball 2-2: Strikes out swinging
|
| Top of the 6th over - 2 runs, 3 hits, 0 errors, 1 left on base; West Michigan 6 - Greenville 0 |
| BOTTOM OF THE 6TH |
|
Greenville Drive batting - Pitching for West Michigan Whitecaps : RHP Adam Oyler
|
|
Batting: SHB Salvador Padilla
|
0-0: Swinging Strike 0-1: Ball 1-1: Called Strike 1-2: Foul Ball, location: 2F 1-2: Ball 2-2: Ball 3-2: Base on Balls
|
|
Batting: RHB Alex Cardenas
|
0-0: Fly out, F7 (Flyball, 78M, EV 88.1 MPH)
|
|
Batting: LHB Danny Montoya
|
0-0: Called Strike 0-1: Fly out, F8 (Flyball, 78M, EV 76.2 MPH)
|
|
Batting: LHB Carlos Guerra
|
0-0: Ball 1-0: DOUBLE (Line Drive, 7LS, EV 106.2 MPH) Salvador Padilla to third
|
|
Batting: RHB Mario Arriero
|
0-0: Ball 1-0: Ball 2-0: Ball 3-0: Base on Balls
|
|
Batting: RHB Bobby Schimke
|
0-0: Called Strike 0-1: Ball 1-1: Called Strike 1-2: Strikes out swinging
|
| Bottom of the 6th over - 0 runs, 1 hit, 0 errors, 3 left on base; West Michigan 6 - Greenville 0 |
| TOP OF THE 7TH |
|
West Michigan Whitecaps batting - Pitching for Greenville Drive : LHP Roald van Erkel
|
|
Batting: SHB Ian Arlotta
|
0-0: Called Strike 0-1: Ball 1-1: Foul Ball, location: 2F 1-2: Ball 2-2: Foul Ball, location: 2F 2-2: DOUBLE (Line Drive, 78M, EV 102.5 MPH)
|
|
Batting: RHB Ernst Meloche
|
0-0: Called Strike Ian Arlotta steals 3rd base 0-1: Ball 1-1: Ball 2-1: Called Strike 2-2: Foul Ball, location: 2F 2-2: Ground out 4-3 (Groundball, 4, EV 88.1 MPH) Ian Arlotta scores
|
|
Pinch Hitting: RHB Scott Carr
|
0-0: Foul Ball, location: 2F 0-1: Ground out 4-3 (Groundball, 4, EV 85.0 MPH)
|
|
Batting: RHB Eric Angelle
|
0-0: Called Strike 0-1: Ball 1-1: Foul Ball, location: 2F 1-2: Ball 2-2: Ball 3-2: Base on Balls
|
|
Batting: RHB Aaron Cusick
|
0-0: Ball 1-0: Fly out, F8 (Flyball, 78D, EV 91.9 MPH)
|
| Top of the 7th over - 1 run, 1 hit, 0 errors, 1 left on base; West Michigan 7 - Greenville 0 |
| BOTTOM OF THE 7TH |
|
Greenville Drive batting - Pitching for West Michigan Whitecaps : RHP Adam Oyler
|
|
Pitching: RHP Scott King
|
|
|
Now in LF: Scott Carr
|
|
|
Batting: RHB Josh Smith
|
0-0: Ball 1-0: Swinging Strike 1-1: Ground out 6-3 (Groundball, 6, EV 83.8 MPH)
|
|
Pinch Hitting: LHB Blake Sams
|
0-0: Ball 1-0: Ground out 6-3 (Groundball, 6S, EV 84.4 MPH)
|
|
Batting: RHB Aukukero Tairi
|
0-0: Ball 1-0: Ground out 6-3 (Groundball, P, EV 81.2 MPH)
|
| Bottom of the 7th over - 0 runs, 0 hits, 0 errors, 0 left on base; West Michigan 7 - Greenville 0 |
| TOP OF THE 8TH |
|
West Michigan Whitecaps batting - Pitching for Greenville Drive : LHP Roald van Erkel
|
|
Now at 2B: Guillermo Quintero
|
|
|
Now at SS: Bobby Schimke
|
|
|
Pinch Hitting: SHB Ryohei Nakano
|
0-0: Called Strike 0-1: SINGLE (Line Drive, 56D, EV 103.1 MPH)
|
|
Batting: RHB Jeremiah Washington
|
0-0: Swinging Strike 0-1: Ball Ryohei Nakano is caught stealing 2nd base 2-4 1-1: Swinging Strike 1-2: Strikes out swinging
|
|
Batting: RHB Jordan Hall
|
0-0: Ball 1-0: Ground out 4-3 (Groundball, 4, EV 85.0 MPH)
|
| Top of the 8th over - 0 runs, 1 hit, 0 errors, 0 left on base; West Michigan 7 - Greenville 0 |
| BOTTOM OF THE 8TH |
|
Greenville Drive batting - Pitching for West Michigan Whitecaps : RHP Scott King
|
|
Now at 1B: Khalil Coleman
|
|
|
Batting: SHB Salvador Padilla
|
0-0: DOUBLE (Flyball, 89D, EV 100.0 MPH)
|
|
Batting: RHB Alex Cardenas
|
0-0: Called Strike 0-1: Ball 1-1: Ball 2-1: Swinging Strike 2-2: Ball 3-2: Base on Balls
|
|
Batting: LHB Danny Montoya
|
0-0: Ball 1-0: Called Strike 1-1: Called Strike 1-2: Fielders Choice at 2nd, 6-4 (Groundball, 6, EV 88.8 MPH) Salvador Padilla to third
|
|
Batting: LHB Carlos Guerra
|
0-0: Ball 1-0: Called Strike 1-1: Swinging Strike 1-2: Ball 2-2: Ball 3-2: Foul Ball, location: 2F 3-2: Base on Balls Danny Montoya to second
|
|
Pinch Hitting: LHB Eddie Contreras
|
0-0: Called Strike 0-1: Foul Ball, location: 2F 0-2: Ball 1-2: Foul Ball, location: 2F 1-2: Ball 2-2: Fly out, F8 (Flyball, 8LXD, EV 102.5 MPH) Runner from 3rd tags up, SCORES, no throw by CF
|
|
Pinch Hitting: LHB Robert Gonzalez
|
0-0: Called Strike 0-1: Ball 1-1: Swinging Strike 1-2: Strikes out looking
|
| Bottom of the 8th over - 1 run, 1 hit, 0 errors, 2 left on base; West Michigan 7 - Greenville 1 |
| TOP OF THE 9TH |
|
West Michigan Whitecaps batting - Pitching for Greenville Drive : LHP Roald van Erkel
|
|
Now at SS: Adugna Chandu
|
|
|
Now in LF: Carlos Guerra
|
|
|
Now in RF: Robert Gonzalez
|
|
|
Batting: LHB Timotheus Young
|
0-0: Ball 1-0: Ball 2-0: Called Strike 2-1: Called Strike 2-2: Strikes out swinging
|
|
Batting: SHB Ian Arlotta
|
0-0: Called Strike 0-1: Swinging Strike 0-2: Ball 1-2: Ball 2-2: Foul Ball, location: 2F 2-2: Ball 3-2: Strikes out swinging, 2-3 out at first.
|
|
Batting: RHB Ernst Meloche
|
0-0: Foul Ball, location: 2F 0-1: Swinging Strike 0-2: Strikes out swinging
|
| Top of the 9th over - 0 runs, 0 hits, 0 errors, 0 left on base; West Michigan 7 - Greenville 1 |
| BOTTOM OF THE 9TH |
|
Greenville Drive batting - Pitching for West Michigan Whitecaps : RHP Scott King
|
|
Batting: RHB Josh Smith
|
0-0: Ball 1-0: Called Strike 1-1: Swinging Strike 1-2: Ground out 4-3 (Groundball, 4, EV 86.2 MPH)
|
|
Batting: RHB Guillermo Quintero
|
0-0: Swinging Strike 0-1: Ball 1-1: Swinging Strike 1-2: Foul Ball, location: 2F 1-2: SINGLE (Groundball, 6M, EV 83.1 MPH) (infield hit)
|
|
Pitching: RHP Juan Murillo
|
|
|
Batting: RHB Aukukero Tairi
|
0-0: Ball 1-0: Swinging Strike 1-1: Swinging Strike 1-2: Strikes out looking
|
|
Batting: SHB Salvador Padilla
|
0-0: Ball 1-0: Ball 2-0: Called Strike 2-1: Ball 3-1: Base on Balls Guillermo Quintero to second
|
|
Batting: RHB Alex Cardenas
|
0-0: Foul Ball, location: 2F 0-1: Ball 1-1: Foul Ball, location: 2F 1-2: Foul Ball, location: 2F 1-2: Foul Ball, location: 2F 1-2: Strikes out swinging
|
| Bottom of the 9th over - 0 runs, 1 hit, 0 errors, 2 left on base; West Michigan 7 - Greenville 1 |
|